 Dungeon Sprint DCSS version 0.28-a0-1236-gb25a51b929 (webtiles) character file.

Game seed: 9616205172692382444

4 rocky1 the Shield-Bearer (level 1, -1/14 HPs)
             Began as a Gargoyle Fighter on Dec 26, 2021.
             Slain by a human (5 damage)
             ... in the Dungeon (Sprint III: "The Ten Rune Challenge").
             The game lasted 00:00:36 (387 turns).

rocky1 the Shield-Bearer (Gargoyle Fighter)          Turns: 387, Time: 00:00:37

Health: -1/14      AC: 10    Str: 19    XL:     1   Next: 60%
Magic:  1/1        EV:  9    Int:  8    God:
Gold:   0          SH:  4    Dex:  9    Spells: 0/0 levels left

rFire   . . .      SeeInvis .   a - +0 flail
rCold   . . .      Faith    .   c - +0 buckler
rNeg    + . .      Spirit   .   b - +0 scale mail
rPois   ∞          Reflect  .   (no helmet)
rElec   +          Harm     .   (no cloak)
rCorr   .          Rampage  .   k - +0 pair of gloves
Will    .....      NoTele   +   (no boots)
Stlth   ..........              (no amulet)
HPRegen 0.04/turn               (no ring)
MPRegen 0.07/turn               (no ring)

@: mighty
A: sickness immunity, AC +2, negative energy resistance 1, electricity
resistance, torment resistance 1, petrification resistance
a: no special abilities


You were in the Dungeon.
You visited 1 branch

Inventory:

Hand Weapons
 a - a +0 flail (weapon)
Armour
 b - a +0 scale mail (worn)
 c - a +0 buckler (worn)
 k - a +0 pair of gloves (worn)
Scrolls
 j - a scroll of blinking
Potions
 e - a potion of curing
 g - a potion of haste
 h - 2 potions of magic
 i - a potion of berserk rage


   Skills:
 - Level 3.2 Fighting
 + Level 3.0 Maces & Flails
 - Level 3.2 Armour
 + Level 4.1 Shields


You couldn't memorise any spells.
You didn't know any spells.
Your spell library was empty.

Dungeon Overview and Level Annotations

Branches:
Dungeon (1/1)

Altars:


Innate Abilities, Weirdness & Mutations

You are immune to sickness and miasma.
Your stone body is resilient. (AC +2)
You are immune to poison.
You resist negative energy. (rN+)
You are resistant to electric shocks. (rElec)
You are resistant to unholy torment.
You are immune to petrification.


Message History

You start resting.
You start resting.
You see here a rat corpse.
You start resting.
HP restored.
You see here a +0 pair of gloves.
k - a +0 pair of gloves You start putting on your armour.
You continue putting on your +0 pair of gloves. x4
You finish putting on your +0 pair of gloves.
As you open the door, it creaks loudly!
There is an open door here.
A human comes into view.
The human shouts!
Okay, then.
You feel very mighty all of a sudden.
You barely miss the human. The human hits you. x2
You barely miss the human. The human closely misses you.
Your scale mail prevents you from hitting the human.
The human closely misses you.
You barely miss the human. You block the human's attack.
You barely miss the human. The human hits you.
* * * LOW HITPOINT WARNING * * *
You completely miss the human. You block the human's attack.
The human hits you but does no damage.
You feel much better. The human barely misses you.
You closely miss the human. The human hits you.
You closely miss the human. The human hits you but does no damage.
You miss the human. The human hits you.
* * * LOW HITPOINT WARNING * * *
You bludgeon the human!!
The human is heavily wounded.
The human hits you but does no damage. x2
You closely miss the human.
The human is heavily wounded.
The human barely misses you.
You barely miss the human.
The human is heavily wounded.
The human hits you.
You die...

▓.....#
▓.....#...≈≈♣♣..♣
▓....[#..≈≈≈≈....
▓####'#..≈≈≈≈≈≈.♣
▓...††#.≈≈≈≈≈≈...
▓.....#.≈≈≈≈≈....
▓.....#.≈≈≈......
▓'#####..........
▓....@p..........
▓▓▓▓▓▓▓▓▓▓▓▓▓▓▓▓▓


You could see a human.

Vanquished Creatures
  2 endoplasms (D)
  2 rats (D)
4 creatures vanquished.

Notes
Turn   | Place    | Note
-------+----------+-------------------------------------------
     0 | D        | rocky1 the Gargoyle Fighter began the quest for the Orb.
     0 | D        | Reached XP level 1. HP: 14/14 MP: 1/1
   208 | D        | Reached skill level 4 in Shields
   387 | D        | Slain by a human

Illustrated notes

Levels and vault maps discovered:
D:        dungeon_sprint_mu [sprint_mu_entry_forest, sprint_mu_temple_rooms,
          sprint_mu_d1_horrors, sprint_mu_d2_genie, sprint_mu_d3_branching,
          sprint_mu_orc_legion, sprint_mu_elf_gauntlet, sprint_mu_hive_nellie,
          sprint_mu_lair_fedhas, sprint_mu_vaults_butterflies,
          sprint_mu_slime_circle, sprint_mu_swamp_cave, sprint_mu_snake_twists,
          sprint_mu_blade_basic, sprint_mu_crypt_lich, sprint_mu_tomb_spiral,
          sprint_mu_vestibule_basic, sprint_mu_gehenna_hellfire,
          sprint_mu_dis_giant, sprint_mu_tartarus_statrot,
          sprint_mu_cocytus_islands, sprint_mu_zot1]

Skill      XL: |  1 |
---------------+----+-----
Shields        | 4 |  4.1
Maces & Flails | 3 |  3.0
Fighting       | |  3.2
Armour         | |  3.2

Action                   || total
-------------------------++-------
Melee: Flail             ||    21
  Use: Potion            ||     2
Armor: Scale mail        ||     6
Dodge: Dodged            ||     8
Block: Buckler           ||     2

Table legend: (Time is in decaauts)
 A = Elapsed time spent in this place.
 B = Non-inter-level travel time spent in this place.
 C = Inter-level travel time spent in this place.
 D = Time resting spent in this place.
 E = Time spent auto-exploring this place.
 F = Levels seen in this place.
 G = Mean time per level.
                   A        B        C        D        E       F      G
               +--------+--------+--------+--------+--------+-----+--------+
         Total |    392 |    392 |      0 |    325 |      0 |   1 |  392.0 |
       Dungeon |    392 |    392 |      0 |    325 |      0 |   1 |  392.0 |
               +--------+--------+--------+--------+--------+-----+--------+

Top non-repeatable levels by time:
       D: 392 daAuts
